 Dungeon Crawl Stone Soup version 0.32-a0-975-g85d4e5bfdb (webtiles) character file.

Game seed: 9530666630929858455

202 PriceMaster the Apothecary (level 5, -2/24 HPs)
             Began as a Spriggan Alchemist on Apr 19, 2024.
             Was an Initiate of Beogh (penitent).
             Slain by Pikel
             ... wielding a +1 whip of freezing
              (3 damage)
             ... on level 4 of the Dungeon.
             The game lasted 00:05:19 (4476 turns).

PriceMaster the Apothecary (Spriggan Alchemist)     Turns: 4476, Time: 00:05:20

Health: -2/24      AC:  3    Str:  4    XL:     5   Next: 50%
Magic:  5/12       EV: 17    Int: 16    God:    Beogh [......]
Gold:   163        SH:  0    Dex: 18    Spells: 7/12 levels left

rFire   . . .        e - +1 dagger (venom)
rCold   . . .        g - orb {mayhem}
rNeg    . . .        a - +0 robe
rPois   .            (helmet restricted)
rElec   .            k - +0 cloak
rCorr   .            (gloves unavailable)
SInv    +            (boots unavailable)
Will    .....        (no amulet)
Stlth   +++          (no ring)
HPRegen 0.24/turn    (no ring)
MPRegen 0.13/turn

%: mayhem
@: very quick
A: very small, no large weapons, unfitting armour, see invisible, speed 3
a: Renounce Religion


You were on level 4 of the Dungeon.
You worshipped Beogh.
Beogh was demanding penance.
You visited 1 branch of the dungeon, and saw 4 of its levels.

You collected 163 gold pieces.

Inventory:

Hand Weapons
 d - a +0 dagger
 e - a +1 dagger of venom (weapon)
 j - a +2 hand axe of venom
 l - a +4 quarterstaff of chaos
Missiles
 h - 3 atropa-tipped darts
Armour
 a - a +0 robe (worn)
 g - an orb of mayhem (worn)
 k - a +0 cloak (worn)
Jewellery
 i - a ring of ice
 m - an amulet of the acrobat
Scrolls
 c - 4 scrolls of fog
 p - a scroll of teleportation
Potions
 b - 2 potions of magic
 o - a potion of invisibility {unknown}
 q - a potion of haste {unknown}


   Skills:
 + Level 1.1 Short Blades
 + Level 3.3 Dodging
 + Level 4.0 Stealth
 + Level 4.1 Spellcasting
 + Level 2.0 Conjurations
 + Level 4.4 Alchemy


You had 7 spell levels left.
You knew the following spells:

 Your Spells              Type           Power      Damage    Failure   Level
a - Sting                 Conj/Alch      52%        1d6       4%          1
b - Olgreb's Toxic Radia  Alch           17%        N/A       26%         4

Your spell library contained the following spells:

 Spells                   Type           Power      Damage    Failure   Level
 Mercury Vapours          Alch/Air       20%        N/A       10%         2
 Kiss of Death            Conj/Necr      24%        2d7       11%         1
 Mephitic Cloud           Conj/Alch/Air  10%        N/A       21%         3
 Confusing Touch          Hex            3%         N/A       45%         3
 Fugue of the Fallen      Necr           3%         N/A       45%         3
 Ozocubu's Armour         Ice            3%         N/A       45%         3
 Sticky Flame             Fire/Alch      10%        2d5       54%         4
 Dispel Undead            Necr           3%         3d7       86%         4
 Manifold Assault         Tloc           1%         N/A       100%        7


Dungeon Overview and Level Annotations

Branches:
Dungeon (4/15)
 Temple: D:4-7

Altars:

Annotations:
D:3 1 runed translucent door, HilariousDeathArtist's ghost, amateur MDGl
D:4 Pikel


Innate Abilities, Weirdness & Mutations

You are very small and have problems with some larger weapons.
You are too small for most types of armour.
You have supernaturally acute eyesight. (SInv)
You cover ground extremely quickly. (Speed+++)


Message History

Your toxic aura wanes.
Casting: Olgreb's Toxic Radiance (astonishingly dangerous; 26% risk of failure)
Confirm with . or Enter, or press ? or * to list all spells.
You begin to radiate toxic energy.
Pikel looks even sicker.
The lemure looks even sicker. x2
A lemure comes into view.
The lemure looks even sicker.
Your toxic aura wanes.
The lemure barely misses you.
You closely miss the lemure.
The lemure is heavily wounded.
Pikel says, "Don't tell anyone, but I think Ereshkigal likes me."
The lemure closely misses you.
The lemure shouts!
You hit the lemure but do no damage.
The lemure is heavily wounded.
The lemure misses you.
You hit the lemure.
The lemure looks as sick as possible!
The lemure is severely wounded.
The lemure hits you but does no damage.
You hit the lemure.
The lemure looks as sick as possible!
The lemure is almost dead.
You kill the lemure!
That felt strangely unrewarding.
You hit the lemure.
The lemure is almost dead.
You kill the lemure!
That felt strangely unrewarding.
An orc comes into view. It is wielding a +0 dagger.
You barely miss Pikel.
Pikel is moderately wounded.
Pikel hits you with a +1 whip of freezing!
Pikel freezes you.
You hit Pikel but do no damage.
Pikel looks even sicker.
Pikel is moderately wounded.
Pikel hits you with a +1 whip of freezing!
* * * LOW HITPOINT WARNING * * *
Pikel freezes you.
You die...
Pikel says, "Another soul for the market."

######.........
#..............
#######........#....
..........#.<....#
######..........#
######.#...........
#...............##.#
#.##...#...#....# .
#@####.##^.#.# #K#
#.##..#.# #5# ...
... # #5. . #.#. #.
..... #.. .. #.. ..#
#... .#


You could see Pikel (very poisoned) and 2 lemures.

Vanquished Creatures
  2 lemures (D:4)
  A hound (D:3)
  Crazy Yiuf (D:2)
  5 adders
  A river rat (D:3)
  A dart slug (D:3)
  3 ribbon worms
  4 orcs (D:3)
  4 bats
  11 endoplasms
  4 giant cockroaches
  12 goblins
  4 hobgoblins
  2 jackals (D:1)
  9 kobolds
  3 quokkas
  6 ball pythons
  3 rats
76 creatures vanquished.

Notes
Turn   | Place    | Note
-------+----------+-------------------------------------------
     0 | D:1      | PriceMaster the Spriggan Alchemist began the quest for the
                  | Orb.
     0 | D:1      | Reached XP level 1. HP: 9/9 MP: 5/5
   263 | D:1      | Reached XP level 2. HP: 11/13 MP: 1/6
   619 | D:1      | Reached XP level 3. HP: 16/16 MP: 5/8
   945 | D:1      | Reached skill level 1 in Conjurations
  1551 | D:2      | Reached XP level 4. HP: 21/21 MP: 7/10
  1883 | D:2      | Found a runed translucent door.
  1884 | D:2      | Noticed Crazy Yiuf
  2180 | D:2      | Reached skill level 1 in Short Blades
  2326 | D:2      | Killed Crazy Yiuf
  2988 | D:3      | Reached XP level 5. HP: 24/24 MP: 7/11
  3412 | D:3      | Found a runed translucent door.
  3493 | D:3      | Noticed HilariousDeathArtist's ghost (amateur MDGl)
  3603 | D:3      | Found a runed translucent door.
  3622 | D:3      | Became a worshipper of Beogh the Shepherd
  3664 | D:3      | Was placed under penance by Beogh
  4218 | D:2      | Learned a level 4 spell: Olgreb's Toxic Radiance
  4461 | D:4      | Noticed a lemure
  4462 | D:4      | Noticed a lemure
  4464 | D:4      | Noticed Pikel
  4465 | D:4      | Noticed a lemure
  4466 | D:4      | Noticed a lemure
  4473 | D:4      | Killed a lemure
  4474 | D:4      | Killed a lemure
  4476 | D:4      | HP: 1/24 [Pikel/+1 whip of freezing (9)]
  4476 | D:4      | Slain by Pikel

Illustrated notes

Levels and vault maps discovered:
D:1:      eino_arrival_water_star, layout_basic, minivault_26
D:2:      layout_loops_ring, serial_park_tiny_1, minmay_misc_feat_four_crosses,
          minmay_pentomino_t2, uniq_crazy_yiuf_cottage
D:3:      layout_basic, ebering_ghost_sewer_f, minmay_misc_feat_alley
D:4:      layout_loops_ring, chequers_serial_rivers_small_b, uniq_pikel

Skill      XL: |  1  2  3  4  5 |
---------------+----------------+-----
Spellcasting   | 3 4 |  4.1
Alchemy        | 4 |  4.4
Conjurations   | 1 2 |  2.0
Dodging        | 3 |  3.3
Short Blades   | 1 |  1.1
Stealth        | 4 |  4.0

Action                     |  1- 3 |  4- 6 || total
---------------------------+-------+-------++-------
  Melee: Dagger            |    34 |    34 ||    68
         Unarmed           |    10 |       ||    10
   Cast: Sting             |    68 |    90 ||   158
         Olgreb's Toxic Ra |       |     3 ||     3
 Invoke: Convert to Beogh  |       |     1 ||     1
    Use: Potion            |       |     4 ||     4
         Scroll            |       |     2 ||     2
   Stab: Sleeping          |     2 |     1 ||     3
 Armour: Robe              |    23 |    27 ||    50
  Dodge: Dodged            |    49 |    55 ||   104

Table legend: (Time is in decaauts)
 A = Elapsed time spent in this place.
 B = Non-inter-level travel time spent in this place.
 C = Inter-level travel time spent in this place.
 D = Time resting spent in this place.
 E = Time spent auto-exploring this place.
 F = Levels seen in this place.
 G = Mean time per level.
                   A        B        C        D        E       F      G
               +--------+--------+--------+--------+--------+-----+--------+
         Total |   3631 |   3576 |     55 |    924 |   2099 |   4 |  907.8 |
       Dungeon |   3631 |   3576 |     55 |    924 |   2099 |   4 |  907.8 |
               +--------+--------+--------+--------+--------+-----+--------+

Top non-repeatable levels by time:
     D:2: 1551 daAuts
     D:3: 1111 daAuts
     D:1: 933 daAuts
     D:4: 35 daAuts
